 Dungeon Crawl Stone Soup version 0.31-a0-833-gc15d34cb79 (webtiles) character file.

Game seed: 2993914351164477605

2291 javelincjr the Trooper (level 9, -18/102 HPs)
             Began as a Djinni Conjurer on Sept 25, 2023.
             Was a Follower of Qazlal.
             Demolished by an orc warrior
             ... wielding a +0 battleaxe of venom
              (20 damage)
             ... on level 7 of the Dungeon.
             The game lasted 00:21:01 (7141 turns).

javelincjr the Trooper (Djinni Conjurer)            Turns: 7141, Time: 00:21:02

Health: -18/102    AC:  4    Str: 12    XL:     9   Next: 67%
Gold:   399        EV: 14    Int: 27    God:    Qazlal [*.....] SH:  2 Dex: 12

rFire   + + .        u - +3 falchion of Xyezun {protect, rPois rN+ rCorr}
rCold   . . .        (no shield)
rNeg    + . .        c - +1 robe {rC+}
rPois   ∞            (no helmet)
rElec   .            (no cloak)
rCorr   +            y - +0 pair of gloves of Unreason {Int+3}
SInv    .            (boots unavailable)
Will    .....        (no amulet) Stlth
                     n - +6 ring of strength
HPRegen 0.37/turn    (no ring)
MPRegen 0.00/turn

%: infuse magic (-19 HP)
@: brilliant, berserking, confusing by touch, flying, very quick
A: sickness immunity, fire resistance 2, cold vulnerability 1, float, innate
caster, HP casting, extra vitality 1
a: Renounce Religion


You were on level 7 of the Dungeon.
You worshipped Qazlal.
Qazlal was aware of your devotion.
You visited 2 branches of the dungeon, and saw 8 of its levels.
You also visited: Sewer.

You collected 399 gold pieces.

Inventory:

Hand Weapons
 h - a +0 mace of draining
 s - a +2 mace of protection
 u - the +3 falchion of Xyezun (weapon) {protect, rPois rN+ rCorr}
   (You found it on level 4 of the Dungeon)

   rPois:     It protects you from poison rN+: It protects you from negative
   energy.
   rCorr:     It protects you from acid and corrosion.
Armour
 a - a +0 robe
 c - a +1 robe of cold resistance (worn)
 y - the +0 pair of gloves of Unreason (worn) {Int+3}
   (You found it on level 6 of the Dungeon)

   Int+3:     It affects your intelligence (+3).
Jewellery
 n - a +6 ring of strength (left hand)
Wands
 v - a wand of light (6)
Scrolls
 b - a scroll of enchant weapon {unknown}
 e - 2 scrolls of vulnerability {unknown}
 i - 5 scrolls of teleportation
 k - a scroll of enchant armour {unknown}
 l - 2 scrolls of fear
 o - a scroll of revelation {unknown}
 p - a scroll of butterflies {unknown}
 t - 2 scrolls of fog {unknown}
 w - a scroll of blinking {unknown}
 x - a scroll of noise {unknown}
 B - 2 scrolls of poison {unknown}
Potions
 d - 2 potions of curing
 f - 2 potions of attraction
 g - 4 potions of lignification
 m - 3 potions of magic
 q - 2 potions of brilliance
 r - a potion of enlightenment {unknown}
 z - a potion of heal wounds {unknown}
 A - 2 potions of might {unknown}
 C - a potion of haste {unknown}


   Skills:
 * Level 7.1 Fighting
 + Level 4.3 Short Blades
 + Level 6.2 Dodging
 - Level 1.8 Stealth
 * Level 6.0 Spellcasting
 * Level 6.0 Conjurations
 * Level 6.0 Hexes
   Level 0.0 Charms
 * Level 6.0 Summonings
 * Level 6.0 Necromancy
 * Level 6.0 Translocations
 * Level 6.0 Transmutations
 * Level 6.0 Fire Magic
 * Level 6.0 Ice Magic
 * Level 6.0 Air Magic
 * Level 6.0 Earth Magic
 * Level 6.0 Poison Magic


You knew the following spells:

 Your Spells              Type           Power      Damage    Failure   Level
a - Magic Dart            Conj           100%       1d8       1%          1
b - Searing Ray           Conj           100%       2d8       1%          2
c - Dazzling Flash        Conj/Hex       100%       N/A       1%          3
d - Fulminant Prism       Conj/Hex       28%        3d13      5%          4
e - Iskenderun's Mystic   Conj/Tloc      57%        2d12      5%          4
f - Foxfire               Conj/Fire      100%       2x1d9     1%          1
g - Jinxbite              Hex            100%       N/A       1%          2
h - Confusing Touch       Hex            57%        N/A       1%          3
i - Volatile Blastmotes   Fire/Tloc      100%       2d18      1%          3
Your spell library was empty.

Dungeon Overview and Level Annotations

Branches:
Dungeon (7/15)             Temple (1/1) D:4           Sewer (visited)

Altars:
Ashenzari
Cheibriados
Elyvilon
Gozag
Makhleb
Qazlal
Ru
Trog
Wu Jian
Xom
Yredelemnul
Zin
The Shining One

Shops:
D:2 =(?


Innate Abilities, Weirdness & Mutations

You are immune to sickness and miasma.
You are immune to poison.
Your flesh is very heat resistant. (rF++)
You are vulnerable to cold. (rC-)
You float through the air rather than walking.
You learn spells naturally, not from books.
Your magical power is your life essence.
You have superior vitality. (+4 MHP)


Message History

The searing ray hits the orc warrior.
The orc warrior is heavily wounded.
* * * LOW HITPOINT WARNING * * *
The orc warrior shoots an arrow.
The arrow closely misses you.
Read: 3 scrolls of fear
Press: ? - help, Q - select action, (/) - cycle Dir - look around, f - activate Look: an orc warrior, wielding a +0 orcbow and wearing a +0 plate armour (heavily wounded, chance to affect: 97%)
As you read the scroll of fear, it crumbles to dust.
You assume a fearsome visage.
The orc warrior looks frightened!
You feel better.
It was a potion of brilliance.
You feel clever all of a sudden.
Things that are here:
a +0 club; a +0 chain mail You see here a +0 long sword.
There is an open door here.
You reach down and close the door.
You start resting.
An orc warrior opens the door.
It is wielding a +0 orcbow.
The orc warrior unwields a +0 orcbow.
The orc warrior wields a +0 battleaxe of venom.
It begins to drip with poison!
The orc warrior hits you with a +0 battleaxe of venom.
* * * LOW HITPOINT WARNING * * *
There is a broken door here.
Casting: Searing Ray (safe; 1% risk of failure)
Confirm with . or Enter, or press ? or * to list all spells.
You feel a surge of power!
Your hands begin to glow red.
* * * LOW HITPOINT WARNING * * *
The orc warrior hits you with a +0 battleaxe of venom!
* * * LOW HITPOINT WARNING * * *
It was a potion of berserk rage.
A red film seems to cover your vision as you go berserk!
You feel yourself moving faster!
You feel mighty! The orc warrior closely misses you.
You hit the orc warrior but do no damage.
The orc warrior is heavily wounded.
The orc warrior hits you with a +0 battleaxe of venom!!
You die...

#########...#####....+).....##
........#....# #.)..#......#
........#....####....#......#
.......##.......##...#......#
.......##.......##...#......#
........'.......#....#
##'######.......#....#
........#.......#o...#
........#.......@....#
........#..[....##...#
........###'######...#
........#........#...#
#########........#...#
..).....#........#...#
........#........#...#
........'........#...#
....>...#........#...#


You could see an orc warrior.

Vanquished Creatures
  Pikel (D:6)
  Sigmund (D:6)
  2 steam dragons
  A water moccasin (Sewer)
  An ice beast (D:6)
  An ogre (D:6)
  2 lemures (D:6)
  Blork the orc (D:6)
  2 bullfrogs (D:6)
  2 scorpions (D:4)
  3 wights (D:6)
  A howler monkey (D:7)
  4 hounds
  4 orc priests
  An iguana (D:7)
  5 orc wizards
  5 gnolls
  2 adders (D:3)
  A white imp (D:6)
  6 worms
  3 dart slugs
  29 orcs
  10 bats
  5 endoplasms
  4 giant cockroaches
  9 goblins
  5 hobgoblins
  8 jackals
  6 kobolds
  5 quokkas
  6 ball pythons
  A frilled lizard (D:1)
  10 rats
147 creatures vanquished.

Vanquished Creatures (others)
  An orc wizard (D:7)
  629 foxfires
  2 fulminant prisms (D:6)
632 creatures vanquished.

Grand Total: 779 creatures vanquished

Notes
Turn   | Place    | Note
-------+----------+-------------------------------------------
     0 | D:1      | javelincjr the Djinni Conjurer began the quest for the Orb.
     0 | D:1      | javelincjr set off with the following spells memorised:
                  | Magic Dart, Searing Ray, Dazzling Flash, Fulminant Prism,
                  | Iskenderun's Mystic Blast.
     0 | D:1      | Reached XP level 1. HP: 15/15 MP: 0/0
   101 | D:1      | Reached XP level 2. HP: 18/21 MP: 0/0
   225 | D:1      | Reached XP level 3. HP: 10/26 MP: 0/0
   225 | D:1      | Learned a level 1 spell: Foxfire
   596 | D:1      | You are sucked into a shaft and drop 1 floor!
   645 | D:2      | Reached skill level 1 in Fighting
   843 | D:2      | Reached XP level 4. HP: 29/32 MP: 0/0
  1252 | D:2      | Found Kuanesku's Weapon Shoppe.
  1715 | D:2      | Found Zudin's Jewellery Emporium.
  1774 | D:2      | Found Eqiepennya's Magic Scroll Shop.
  2247 | D:3      | Found a glowing drain.
  2254 | D:3      | Reached XP level 5. HP: 34/38 MP: 0/0
  2254 | D:3      | Learned a level 2 spell: Jinxbite
  2263 | Sewer    | Entered a sewer
  2343 | Sewer    | Noticed a water moccasin
  2347 | Sewer    | Killed a water moccasin
  2348 | Sewer    | Reached skill level 2 in Fighting
  2348 | Sewer    | Reached skill level 1 in Short Blades
  2348 | Sewer    | Reached XP level 6. HP: 37/45 MP: 0/0
  3292 | D:4      | Reached skill level 3 in Fighting
  3536 | D:4      | Found a staircase to the Ecumenical Temple.
  3582 | Temple   | Entered the Ecumenical Temple
  3591 | Temple   | Became a worshipper of Qazlal Stormbringer
  3915 | D:4      | Reached XP level 7. HP: 33/50 MP: 0/0
  3915 | D:4      | Learned a level 3 spell: Confusing Touch
  4165 | D:4      | Identified the +3 falchion of Xyezun {protect, rPois rN+
                  | rCorr}
  4637 | D:5      | Entered Level 5 of the Dungeon
  4677 | D:5      | Reached skill level 4 in Fighting
  4913 | D:5      | Reached * piety under Qazlal
  5638 | D:6      | Reached XP level 8. HP: 54/58 MP: 0/0
  5675 | D:6      | Identified the +0 pair of gloves of Unreason {Int+3}
  5699 | D:6      | Reached skill level 5 in Spellcasting
  5699 | D:6      | Reached skill level 5 in Conjurations
  5699 | D:6      | Reached skill level 5 in Hexes
  5699 | D:6      | Reached skill level 5 in Summonings
  5699 | D:6      | Reached skill level 5 in Necromancy
  5699 | D:6      | Reached skill level 5 in Translocations
  5699 | D:6      | Reached skill level 5 in Transmutations
  5699 | D:6      | Reached skill level 5 in Fire Magic
  5699 | D:6      | Reached skill level 5 in Ice Magic
  5699 | D:6      | Reached skill level 5 in Air Magic
  5699 | D:6      | Reached skill level 5 in Earth Magic
  5699 | D:6      | Reached skill level 5 in Poison Magic
  5700 | D:6      | Reached skill level 5 in Fighting
  5757 | D:6      | Noticed Pikel
  5765 | D:6      | Killed Pikel
  5766 | D:6      | Reached skill level 5 in Dodging
  5767 | D:6      | Reached XP level 9. HP: 25/66 MP: 0/0
  5767 | D:6      | Learned a level 3 spell: Volatile Blastmotes
  5991 | D:6      | Reached skill level 6 in Fighting
  6005 | D:6      | Noticed Blork the orc
  6091 | D:6      | Killed Blork the orc
  6365 | D:6      | Noticed Sigmund
  6371 | D:6      | Killed Sigmund
  6842 | D:7      | Reached skill level 7 in Fighting
  6909 | D:7      | Found an ornate altar of the Wu Jian Council.
  7089 | D:7      | HP: 3/68 [orc warrior/arrow (12)]
  7139 | D:7      | HP: 1/68 [orc warrior/+0 battleaxe of venom (14)]
  7141 | D:7      | Demolished by an orc warrior

Illustrated notes

Levels and vault maps discovered:
D:1:      orjb1_clovarrival, layout_rooms
D:2:      minmay_razor_zed, layout_basic, serial_shops, shop, shop, shop
D:3:      layout_loops_corners, cheibrodos_sewer_entry_bend
D:4:      layout_cave_pods, minmay_temple_entry_tees
D:5:      layout_cave_pods
D:6:      layout_loops_ring, uniq_blork_the_orc, uniq_sigmund, uniq_pikel
D:7:      layout_gridville, pdpol_wu_jian_five_deadly_venoms, minmay_door_square
Temple:   eino_temple_lava

Skill      XL: |  1  2  3  4  5  6  7  8  9 |
---------------+----------------------------+-----
Fighting       | 1 2 3 4 5 7 |  7.1
Dodging        | 3 4 5 6 |  6.2
Spellcasting   | 4 5 6 |  6.0
Conjurations   | 4 5 6 |  6.0
Hexes          | 4 5 6 |  6.0
Summonings     | 4 5 6 |  6.0
Necromancy     | 4 5 6 |  6.0
Translocations | 4 5 6 |  6.0
Transmutations | 4 5 6 |  6.0
Fire Magic     | 4 5 6 |  6.0
Ice Magic      | 4 5 6 |  6.0
Air Magic      | 4 5 6 |  6.0
Earth Magic    | 4 5 6 |  6.0
Poison Magic   | 4 5 6 |  6.0
Short Blades   | 1 2 3 4 |  4.3
Stealth        | |  1.8

Action                     |  1- 3 |  4- 6 |  7- 9 || total
---------------------------+-------+-------+-------++-------
  Melee: Unarmed           |    13 |       |       ||    13
         Punch             |     1 |       |     1 ||     2
         Mace              |       |    22 |     1 ||    23
         Falchion          |       |       |    58 ||    58
   Cast: Magic Dart        |    26 |       |       ||    26
         Searing Ray       |     2 |       |     5 ||     7
         Foxfire           |    64 |   180 |   132 ||   376
         Dazzling Flash    |       |     1 |     1 ||     2
         Iskenderun's Myst |       |       |    13 ||    13
         Jinxbite          |       |       |     1 ||     1
         Fulminant Prism   |       |       |     2 ||     2
         Volatile Blastmot |       |       |     2 ||     2
         Confusing Touch   |       |       |     1 ||     1
    Use: Scroll            |       |       |     7 ||     7
         Potion            |       |       |     3 ||     3
   Stab: Sleeping          |       |     1 |       ||     1
 Armour: Robe              |    14 |    22 |    76 ||   112
  Dodge: Dodged            |    22 |    21 |    69 ||   112
  Block: Other             |       |       |     4 ||     4

Table legend: (Time is in decaauts)
 A = Elapsed time spent in this place.
 B = Non-inter-level travel time spent in this place.
 C = Inter-level travel time spent in this place.
 D = Time resting spent in this place.
 E = Time spent auto-exploring this place.
 F = Levels seen in this place.
 G = Mean time per level.
                   A        B        C        D        E       F      G
               +--------+--------+--------+--------+--------+-----+--------+
         Total |   7158 |   6979 |    179 |    330 |   5624 |   9 |  795.3 |
       Dungeon |   6982 |   6819 |    163 |    330 |   5498 |   7 |  997.4 |
        Temple |     18 |      2 |     16 |      0 |      0 |   1 |   18.0 |
         Sewer |    157 |    157 |      0 |      0 |    126 |   1 |  157.0 |
               +--------+--------+--------+--------+--------+-----+--------+

Top non-repeatable levels by time:
     D:2: 1484 daAuts
     D:4: 1335 daAuts
     D:6: 1283 daAuts
     D:5: 924 daAuts
     D:3: 906 daAuts
     D:1: 741 daAuts
     D:7: 307 daAuts
   Sewer: 157 daAuts
  Temple: 18 daAuts
